 Dungeon Crawl Stone Soup version 0.30.1-4-g462c640d31 (webtiles) character file.

Game seed: 7294455469725417999

12 GimliDwarf the Carver (level 2, -3/23 HPs)
             Began as a Gnoll Wanderer on Aug 16, 2023.
             Killed by divine providence
             ... invoked by an orc priest
              (12 damage)
             ... on level 2 of the Dungeon.
             The game lasted 00:00:59 (857 turns).

GimliDwarf the Carver (Gnoll Wanderer)               Turns: 857, Time: 00:01:01

Health: -3/23      AC:  4    Str: 11    XL:     2   Next: 33%
Magic:  2/2        EV: 11    Int: 13    God:
Gold:   14         SH:  0    Dex:  9    Spells: 1/1 levels left

rFire   . . .        a - +1 long sword
rCold   . . .        (no shield)
rNeg    . . .        d - +0 robe
rPois   .            (no helmet)
rElec   .            (no cloak)
rCorr   .            (no gloves)
SInv    .            g - +1 pair of boots
Will    .....        (no amulet)
Stlth   ++           (no ring)
HPRegen 0.23/turn    (no ring)
MPRegen 0.08/turn

%: no passive effects
@: no status effects
A: fangs 1, strong nose, distributed training
a: no special abilities


You were on level 2 of the Dungeon.
You visited 1 branch of the dungeon, and saw 2 of its levels.

You collected 14 gold pieces.

Inventory:

Hand Weapons
 a - a +1 long sword (weapon)
 b - a +0 mace
Armour
 d - a +0 robe (worn)
 g - a +1 pair of boots (worn)
Magical Staves
 i - a staff of death
Scrolls
 e - a scroll of blinking {unknown}
 f - a scroll of teleportation {unknown}
 h - a scroll of enchant armour {unknown}
Potions
 c - a potion of flight {unknown}


   Skills:
 + Level 2.5 Fighting
 + Level 0.4 Short Blades
 + Level 8.5 Long Blades
 + Level 0.4 Axes
 + Level 4.5 Maces & Flails
 + Level 0.4 Polearms
 + Level 0.4 Staves
 + Level 0.4 Ranged Weapons
 + Level 0.4 Throwing
 + Level 2.5 Armour
 + Level 0.4 Dodging
 + Level 2.2 Stealth
 + Level 0.4 Shields
 + Level 0.4 Unarmed Combat
 + Level 0.4 Spellcasting
 + Level 0.2 Conjurations
 + Level 0.2 Hexes
 + Level 0.2 Summonings
 + Level 0.2 Necromancy
 + Level 0.2 Translocations
 + Level 0.2 Transmutations
 + Level 0.2 Fire Magic
 + Level 0.2 Ice Magic
 + Level 0.2 Air Magic
 + Level 0.2 Earth Magic
 + Level 0.2 Poison Magic
 + Level 0.5 Invocations
 + Level 2.5 Evocations


You had one spell level left.
You didn't know any spells.
Your spell library was empty.

Dungeon Overview and Level Annotations

Branches:
Dungeon (2/15)

Altars:


Innate Abilities, Weirdness & Mutations

You have very sharp teeth.
Your uncanny sense of smell can sniff out nearby items.
Your experience applies equally to all skills.


Message History

A frilled lizard comes into view.
The frilled lizard hisses angrily.
There is an open door here.
The frilled lizard bites you.
You barely miss the frilled lizard. The frilled lizard bites you.
You closely miss the frilled lizard. The frilled lizard barely misses you.
You hit the frilled lizard.
You kill the frilled lizard!
No target in view!
There is an open door here.
You see here a +0 dagger.
There is an open door here.
An endoplasm comes into view.
Found a glowing hand axe.
The helpless endoplasm fails to defend itself.
You slash the endoplasm!
You kill the endoplasm!
No target in view!
You see here a +0 hand axe of electrocution.
Done exploring.
There is an open door here.
There is a stone staircase leading down here.
Okay, then.
You climb downwards.
The orc shouts! x2; The orc priest shouts!
Found a blue potion.
There is a stone staircase leading up here.
You closely miss the orc priest.
You hit the orc priest but do no damage.
The orc priest hits you but does no damage.
You climb upwards.
There is a stone staircase leading down here.
You climb downwards.
The orc priest invokes the aid of Beogh against you.
Beogh smites you!
Ouch! That really hurt!
The orc priest mumbles some strange prayers to Beogh against you.
Beogh smites you!
Ouch! That really hurt!
You die... .##. ...# .#.. ...# ... ...# #!. ...# ##.. ...# .oo

r..# ∆
#o#o..##
∆
#@....#
##.#..#
... #
#.## .#
.# #


You could see 2 orc priests, 2 orcs and a rat.

Vanquished Creatures
  A bat (D:1)
  3 endoplasms (D:1)
  2 hobgoblins (D:1)
  A kobold (D:1)
  A quokka (D:1)
  A frilled lizard (D:1)
  A rat (D:1)
10 creatures vanquished.

Notes
Turn   | Place    | Note
-------+----------+-------------------------------------------
     0 | D:1      | GimliDwarf the Gnoll Wanderer began the quest for the Orb.
     0 | D:1      | GimliDwarf set off with the following items: a +1 long
                  | sword, a +0 mace, a potion of attraction, a +0 robe.
     0 | D:1      | Reached XP level 1. HP: 17/17 MP: 1/1
   152 | D:1      | Reached XP level 2. HP: 23/23 MP: 2/2
   857 | D:2      | Killed from afar by an orc priest

Illustrated notes

Levels and vault maps discovered:
D:1:      lemuel_arrival_broad_hall, layout_loops_corners, minmay_misc_feat_chi
D:2:      kennysheep_the_goblin_king, layout_loops_ring, basic_altar

Action                     || total
---------------------------++-------
  Melee: Long sword        ||    30
         Bite              ||     3
   Stab: Sleeping          ||     2
 Armour: Robe              ||     4
  Dodge: Dodged            ||    17
